 Dungeon Crawl Stone Soup version 0.26-a0-639-g72c4674329 (webtiles) character file.

Game seed: 15689006712787947281

43 loralnil the Insei (level 3, 0/18 HPs)
             Began as a Vine Stalker Transmuter on Sept 28, 2020.
             Killed from afar by a white imp (6 damage)
             ... with a puff of frost
             ... on level 2 of the Dungeon.
             The game lasted 00:01:34 (1144 turns).

loralnil the Insei (Vine Stalker Transmuter)        Turns: 1144, Time: 00:01:35

Health: 0/18       AC:  2    Str: 13    XL:     3   Next: 58%
Magic:  0/7        EV: 12    Int: 13    God:
Gold:   110        SH:  0    Dex: 14    Spells: 4/7 levels left

rFire    . . .     SeeInvis .     - Unarmed
rCold    . . .     Faith    .   (no shield)
rNeg     . . .     Spirit   +   a - +0 robe
rPois    .         Reflect  .   (helmet currently unavailable)
rElec    .         Harm     .   (no cloak)
rCorr    .         Rampage  .   (no gloves)
MR       .....                  (boots currently unavailable)
Stlth    +.........             k - amulet of the acrobat
HPRegen  0.06/turn              (no ring)
MPRegen  0.10/turn              (no ring)

@: appendages
A: fangs 2, horns 2, talons 2, magic shield, antimagic bite, no potion heal 3,
rot immunity
a: End Transformation


You were on level 2 of the Dungeon.
You had grown temporary horns.
You had grown temporary talons.
You visited 1 branch of the dungeon, and saw 2 of its levels.

You collected 110 gold pieces.

Inventory:

Armour
 a - a +0 robe (worn)
Jewellery
 k - an amulet of the acrobat (around neck)
Wands
 m - a wand of disintegration (14)
Scrolls
 b - a scroll of enchant weapon {unknown}
 c - a scroll of noise {unknown}
 d - a scroll of enchant armour {unknown}
 e - a scroll of immolation {unknown}
 f - 2 scrolls of identify {unknown}
 g - 2 scrolls of magic mapping {unknown}
 i - a scroll of fear {unknown}
 j - a scroll of fog {unknown}
 l - a scroll of teleportation {unknown}
Potions
 h - a potion of curing {unknown}


   Skills:
 + Level 1.5 Fighting
 + Level 2.0 Dodging
 + Level 3.3 Unarmed Combat
 + Level 2.6 Spellcasting
 + Level 2.4 Transmutations


You had 4 spell levels left.
You knew the following spells:

 Your Spells              Type           Power        Failure   Level
a - Beastly Appendage     Tmut           #.....       9%          1
b - Wereblood             Tmut           #.......     13%         2

Your spell library contained the following spells:

 Spells                   Type           Power        Failure   Level
 Spider Form              Tmut/Pois      #.........   41%         3
 Ice Form                 Ice/Tmut       #.......     82%         4
 Blade Hands              Tmut           #.........   94%         5


Dungeon Overview and Level Annotations

Branches:
Dungeon (2/15)

Altars:
Xom


Innate Abilities, Weirdness & Mutations

You have extremely sharp teeth.
When hurt, damage is shared between your health and your magic reserves.
Your bite disrupts and absorbs the magic of your enemies.
Potions cannot restore your health.
You are immune to rotting.
You have a pair of horns on your head.
You have razor-sharp toenails.


Message History

A rat comes into view.
Casting: Beastly Appendage (safe; 9% risk of failure)
Confirm with . or Enter, or press ? or * to list all spells.
You grow a pair of large bovine horns.
Your feet morph into talons.
The white imp gestures at you. The puff of frost hits you!
You punch the white imp! Your headbutt misses the white imp.
The white imp is severely wounded.
The white imp gestures at you. The puff of frost misses you.
A hobgoblin comes into view. It is wielding a +0 club.
You closely miss the white imp. Your kick misses the white imp.
The white imp is severely wounded.
The white imp closely misses you.
You hit the white imp but do no damage. Your kick misses the white imp.
The white imp is severely wounded.
The rat bites you. The white imp gestures at you. The puff of frost hits you!
You die...

#. #. .# ## #..
..... ...# ..#
#.#.#.#.#..
#...........##.
#.#.#g#.#.#..
..........#
...#.#r#.#.#$##
.....[.@r.....# $#
...#.#5#.#.#.#....
..# #..#......#
...#...###.####
....... #.# #.#
...... #.#### #.#
###.######....#
#.# #...##.#####.#
#.#
###.#......###.#


You could see a white imp, a hobgoblin and 2 rats.

Vanquished Creatures
  An adder (D:2)
  An ooze (D:1)
  3 dart slugs
  A ball python (D:1)
  A giant cockroach (D:1)
  4 goblins
  A hobgoblin (D:1)
  6 kobolds
  3 frilled lizards
  4 rats
25 creatures vanquished.

Notes
Turn   | Place    | Note
-------+----------+-------------------------------------------
     0 | D:1      | loralnil the Vine Stalker Transmuter began the quest for
                  | the Orb.
     0 | D:1      | Reached XP level 1. HP: 9/9 MP: 4/4
    70 | D:1      | Reached skill level 1 in Fighting
    81 | D:1      | Reached XP level 2. HP: 14/14 MP: 6/6
    85 | D:1      | Learned a level 2 spell: Wereblood
   539 | D:2      | Found a shimmering altar of Xom.
   567 | D:2      | Reached XP level 3. HP: 8/18 MP: 1/7
  1144 | D:2      | Killed from afar by a white imp

Illustrated notes

Levels and vault maps discovered:
D:1:      psy_arrival_basics, layout_rooms, minmay_distorted
D:2:      layout_loops_cross, lemuel_crystal_altar,
          chequers_ecumenical_altar_twisty, minmay_misc_feat_hallway,
          st_stairs_10, grunt_decor_resistance, minmay_misc_feat_square

Skill      XL: |  1  2  3 |
---------------+----------+-----
Fighting       | 1 |  1.5
Dodging        | 2 |  2.0
Unarmed Combat | |  3.3
Spellcasting   | |  2.6
Transmutations | |  2.4

Action                   || total
-------------------------++-------
Melee: Unarmed           ||    52
       Kick              ||    10
       Bite              ||    11
       Headbutt          ||     5
       Punch             ||     1
 Cast: Beastly Appendage ||    11
       Wereblood         ||     1
 Stab: Distracted        ||     1
Armor: Robe              ||     2
Dodge: Dodged            ||    25

Table legend: (Time is in decaauts)
 A = Elapsed time spent in this place.
 B = Non-inter-level travel time spent in this place.
 C = Inter-level travel time spent in this place.
 D = Time resting spent in this place.
 E = Time spent auto-exploring this place.
 F = Levels seen in this place.
 G = Mean time per level.
                   A        B        C        D        E       F      G
               +--------+--------+--------+--------+--------+-----+--------+
         Total |   1140 |   1112 |     28 |      0 |    957 |   2 |  570.0 |
       Dungeon |   1140 |   1112 |     28 |      0 |    957 |   2 |  570.0 |
               +--------+--------+--------+--------+--------+-----+--------+

Top non-repeatable levels by time:
     D:2: 603 daAuts
     D:1: 537 daAuts
